 Dungeon Crawl Stone Soup version 0.29.1-1-gd02db6906a (webtiles) character file.

Game seed: 3258854035995085613

1678 Draeca the Sneak (level 8, -6/55 (60) HPs)
             Began as a Vampire Artificer on Oct 7, 2022.
             Was a Priest of Ru.
             Mangled by Maggie
             ... wielding a +1 glaive of draining
              (19 damage)
             ... on level 7 of the Dungeon.
             The game lasted 01:00:04 (6405 turns).

Draeca the Sneak (Vampire Artificer)                Turns: 6405, Time: 01:00:04

HP:   -6/55 (60)    AC: 13    Str: 17    XL:     8   Next: 70%
MP:   8/8           EV: 16    Int: 14    God:    Ru [***...]
Gold: 345           SH:  0    Dex: 21    Spells: 7/7 levels left

rFire   . . .      SeeInvis +   G - +3 dagger
rCold   . . .      Faith    +   (no shield)
rNeg    . . .      Spirit   .   E - +4 scale mail "Ovaolul" {rPois Will- Dex+3 SInv}
rPois   +          Reflect  .   A - +0 helmet of Hedonism {rElec Dex+2}
rElec   +          Harm     +   n - scarf {harm}
rCorr   .          Rampage  .   (no gloves)
Will    ++...                   h - +0 pair of boots
Stlth   +++.......              H - amulet of faith
HPRegen 0.38/turn               L - ring "Oczul" {*Corrode Will+++ Str+6 SInv}
MPRegen 0.11/turn               x - +4 ring of evasion

@: healing quickly, drained
A: alive, fangs 3, see invisible, hated by all, no earth magic, no hexes magic,
no translocations magic, vampiric 2
a: Exsanguinate, Renounce Religion, Draw Out Power


You were on level 7 of the Dungeon.
You worshipped Ru.
Ru was most pleased with you.
You visited 2 branches of the dungeon, and saw 8 of its levels.

You collected 345 gold pieces.

Inventory:

Hand Weapons
 i - a +1 short sword of protection
 G - a +3 dagger (weapon)
 J - a +0 rapier of electrocution
 K - a +0 dagger of venom
Missiles
 B - a throwing net
Armour
 h - a +0 pair of boots (worn)
 m - +0 fire dragon scales
 n - a scarf of harm (worn)
 u - the +1 leather armour "Buahe Muo" {rPois}
   (You found it on level 2 of the Dungeon)

   rPois:     It protects you from poison.
 A - the +0 helmet of Hedonism (worn) {rElec Dex+2}
   (You took it off Robin on level 3 of the Dungeon)

   Dex:       It affects your dexterity (+2).
   rElec:     It insulates you from electricity.
 E - the +4 scale mail "Ovaolul" (worn) {rPois Will- Dex+3 SInv}
   (You found it on level 5 of the Dungeon)

   Dex:       It affects your dexterity (+3).
   rPois:     It protects you from poison.
   SInv:      It lets you see invisible.
   Will:      It decreases your willpower.
Jewellery
 x - a +4 ring of evasion (right hand)
 H - an amulet of faith (around neck)
 L - the ring "Oczul" (left hand) {*Corrode Will+++ Str+6 SInv}
   (You found it on level 6 of the Dungeon)

   [ring of strength]

   Str:       It affects your strength (+6).
   SInv:      It lets you see invisible.
   *Corrode:  It may corrode you when you take damage.
   Will:      It greatly increases your willpower.
 N - a +4 ring of protection
Wands
 b - a wand of mindburst (5)
 c - a wand of flame (7) (quivered)
 d - a wand of charming (15)
 e - a wand of iceblast (3)
 I - a wand of acid (6)
Scrolls
 a - 2 scrolls of vulnerability
 q - 11 scrolls of teleportation
 r - 5 scrolls of poison
 s - 3 scrolls of blinking
 w - 2 scrolls of fog
 y - a scroll of amnesia
 z - a scroll of enchant weapon
 D - a scroll of fear {unknown}
 M - a scroll of silence {unknown}
 O - a scroll of noise {unknown}
 P - a scroll of enchant armour {unknown}
Potions
 f - a potion of attraction {unknown}
 g - 3 potions of magic {unknown}
 j - 3 potions of haste {unknown}
 k - 5 potions of curing {unknown}
 l - 3 potions of might {unknown}
 o - 2 potions of mutation {unknown}
 p - a potion of lignification {unknown}
 t - 3 potions of degeneration {unknown}
 v - a potion of berserk rage
 C - 2 potions of cancellation {unknown}
 F - a potion of ambrosia {unknown}


   Skills:
 + Level 4.0 Fighting
 * Level 5.0 Short Blades
 + Level 3.4 Armour
 + Level 5.2 Dodging
 + Level 7.1 Stealth
 - Level 0.5 Unarmed Combat
 - Level 0.2 Spellcasting
 + Level 4.9 Evocations


You had 7 spell levels left.
You didn't know any spells.
Your spell library contained the following spells:

 Spells                   Type           Power      Damage    Failure   Level
 Beastly Appendage        Tmut           0%         N/A       67%         1
 Sting                    Tmut/Pois      0%         1d3       67%         1
 Poisonous Vapours        Pois/Air       0%         N/A       80%         2
 Sublimation of Blood     Necr           0%         N/A       80%         2
 Wereblood                Tmut           0%         N/A       80%         2
 Spider Form              Tmut/Pois      0%         N/A       95%         3
 Olgreb's Toxic Radiance  Pois           0%         N/A       100%        4
 Irradiate                Conj/Tmut      0%         3d11      100%        5
 Petrify                  Tmut/Erth      Unusable   N/A       N/A         4

Dungeon Overview and Level Annotations

Branches:
Dungeon (7/15)             Temple (1/1) D:4

Altars:
Ashenzari
Cheibriados
Dithmenos
Gozag
Kikubaaqudgha
Makhleb
Nemelex Xobeh
Okawaru
Qazlal
Ru
Sif Muna
Uskayaw
Vehumet
Wu Jian

Shops:
D:4 :

Annotations:
D:7 Maggie


Innate Abilities, Weirdness & Mutations

Your natural rate of healing is accelerated.
You have razor-sharp teeth.
You have supernaturally acute eyesight. (SInv)
You are hated by all.
You cannot study or cast Earth magic.
You cannot study or cast Hexes magic.
You cannot study or cast Translocations magic.
You are afflicted with vampirism and can become a bat while bloodless.


Message History

You hit Maggie but do no damage.
Maggie is lightly wounded.
Maggie mumbles some strange words.
Maggie attempts to bespell you! You resist with almost no effort.
You barely miss Maggie. You bite Maggie, but do no damage.
Maggie is lightly wounded.
Maggie smiles, but it's obviously fake.
Maggie barely misses you.
You hit Maggie. You bite Maggie.
Maggie is moderately wounded.
You hit Maggie but do no damage.
Maggie is moderately wounded.
Maggie barely misses you.
You hit Maggie but do no damage.
Maggie is moderately wounded.
You are no longer corroded.
Maggie completely misses you.
You hit Maggie.
Maggie is moderately wounded.
Maggie misses you.
You hit Maggie. You bite Maggie, but do no damage.
Maggie is moderately wounded.
You hit Maggie. Your bite misses Maggie.
Maggie is moderately wounded.
Maggie says, "Leave now, and tell all of Margery's mercy!"
Maggie misses you.
You hit Maggie.
Maggie is heavily wounded.
Maggie stops glowing.
Maggie casts a spell.
Maggie attempts to bespell you! You resist with some effort.
You hit Maggie but do no damage.
Maggie is heavily wounded.
Maggie completely misses you.
You hit Maggie but do no damage. You bite Maggie.
Maggie is heavily wounded.
You hit Maggie but do no damage. Your bite misses Maggie.
Maggie is heavily wounded.
Maggie hits you with a +1 glaive of draining!
You die...

####....#####..........####...
#....# #.......)..#..'...
#....# #..........#..#...
#....# #..........#..#...
..##+.. ##.....#####..#### ..
.... #.....'..#....#.. .._.
#.....#..#....#..
._8..###.....#'#########
.._...@@................
........................
........................
........................
....####........######## ....
#........# ... #........# ..
#........# #........#


You could see Maggie.

Vanquished Creatures
  The ghost of nessiah the Thaumaturge, a novice DEIE (D:5)
  Menkaure (D:4)
  A steam dragon (D:6)
  A water moccasin (D:7)
  An ice beast (D:6)
  2 black bears
  A centaur (D:7)
  A kobold brigand (D:5)
  4 wights (D:6)
  2 jellies (D:6)
  A hound (D:3)
  A gnoll bouda (D:4)
  2 iguanas (D:5)
  Robin (D:3)
  8 gnolls (D:4)
  4 adders
  4 worms
  A dart slug (D:1)
  4 orcs
  4 endoplasms
  A giant cockroach (D:1)
  7 goblins
  8 hobgoblins
  A quokka (D:1)
  9 ball pythons
  7 bats
  3 frilled lizards
  13 kobolds
  8 rats
102 creatures vanquished.

Vanquished Creatures (others)
  An orc priest (D:4)
  An ufetubus (D:7)
  2 kobolds (D:5)
  A fungus (D:1)
5 creatures vanquished.

Grand Total: 107 creatures vanquished

Notes
Turn   | Place    | Note
-------+----------+-------------------------------------------
     0 | D:1      | Draeca the Vampire Artificer began the quest for the Orb.
     0 | D:1      | Reached XP level 1. HP: 14/14 MP: 1/1
   137 | D:1      | Reached skill level 1 in Fighting
   297 | D:1      | Reached XP level 2. HP: 20/21 MP: 2/2
   433 | D:1      | Found a faded altar of an unknown god.
   438 | D:1      | Prayed at the altar of an unknown god.
   438 | D:1      | Became a worshipper of Ru the Awakened
   440 | D:1      | Gained mutation: You cannot study or cast Earth magic. [Ru
                  | sacrifice]
   440 | D:1      | Gained mutation: You cannot study or cast Hexes magic. [Ru
                  | sacrifice]
   440 | D:1      | Gained mutation: You cannot study or cast Translocations
                  | magic. [Ru sacrifice]
   440 | D:1      | Reached * piety under Ru
   596 | D:1      | Reached skill level 2 in Stealth
  1080 | D:2      | Reached skill level 1 in Armour
  1324 | D:2      | Identified the +1 leather armour "Buahe Muo" {rPois}
  1398 | D:2      | Gained mutation: You are afflicted with vampirism and can
                  | become a bat while bloodless. [Vampire growth]
  1398 | D:2      | Reached XP level 3. HP: 26/26 MP: 3/3
  1821 | D:3      | Reached skill level 1 in Short Blades
  1870 | D:3      | Reached XP level 4. HP: 25/32 MP: 4/4
  1907 | D:3      | Found a burning altar of Makhleb.
  2117 | D:3      | Identified the +0 helmet of Hedonism {rElec Dex+2}
  2117 | D:3      | Noticed Robin
  2128 | D:3      | Reached skill level 3 in Stealth
  2133 | D:3      | Killed Robin
  2801 | D:4      | Found a shadowy altar of Dithmenos.
  2953 | D:4      | Reached XP level 5. HP: 35/38 MP: 5/5
  3117 | D:4      | Noticed a black bear
  3143 | D:4      | Killed a black bear
  3144 | D:4      | Reached skill level 4 in Stealth
  3144 | D:4      | Reached XP level 6. HP: 28/39 MP: 6/6
  3156 | D:4      | Found a staircase to the Ecumenical Temple.
  3193 | Temple   | Entered the Ecumenical Temple
  3491 | D:4      | Gained mutation: You are hated by all. [Ru sacrifice]
  3491 | D:4      | Reached ** piety under Ru
  3491 | D:4      | Reached *** piety under Ru
  3689 | D:4      | Found Joel's Book Emporium.
  3857 | D:4      | Noticed Menkaure
  3870 | D:4      | Killed Menkaure
  3969 | D:5      | Entered Level 5 of the Dungeon
  4179 | D:5      | Identified the +4 scale mail "Ovaolul" {rPois Will- Dex+3
                  | SInv}
  4691 | D:5      | Reached XP level 7. HP: 26/45 MP: 7/7
  4701 | D:5      | Found a runed translucent gate.
  4701 | D:5      | Found a runed translucent gate.
  4701 | D:5      | Found a runed translucent gate.
  4710 | D:5      | Noticed nessiah's ghost (novice DEIE)
  4958 | D:5      | Reached skill level 5 in Stealth
  4963 | D:5      | Killed nessiah's ghost
  5148 | D:6      | Identified the ring "Oczul" {*Corrode Will+++ Str+6 SInv}
  5316 | D:6      | Reached skill level 6 in Stealth
  5316 | D:6      | Reached XP level 8. HP: 53/58 MP: 8/8
  5756 | D:6      | Reached skill level 5 in Dodging
  6111 | D:7      | Reached skill level 7 in Stealth
  6258 | D:7      | Reached skill level 5 in Short Blades
  6350 | D:7      | Noticed Maggie
  6368 | D:7      | Found an ornate altar of the Wu Jian Council.
  6368 | D:7      | Found a sacrificial altar of Ru.
  6369 | D:7      | Found an ancient bone altar of Kikubaaqudgha.
  6405 | D:7      | Mangled by Maggie

Illustrated notes

Levels and vault maps discovered:
D:1:      dpeg_arrival_radiant, layout_loops_ring,
          shapermc_ecumenical_altar_acropolis
D:2:      layout_basic, minivault_11
D:3:      layout_loops_ring, mainiacjoe_overflow_divided_tiny,
          minmay_misc_feat_columns, uniq_robin
D:4:      layout_loops_ring, nicolae_dithmenos_shadow_blocks,
          minmay_temple_entry_proselytizer, serial_shops, shop, uniq_menkaure
D:5:      layout_gridville, gammafunk_ghost_nasty_kobolds
D:6:      layout_basic, minivault_23
D:7:      layout_gridville, chequers_temple_overflow_statue_of_worship,
          uniq_maggie
Temple:   nicolae_temple_superstar

Skill      XL: |  1  2  3  4  5  6  7  8 |
---------------+-------------------------+-----
Fighting       | 1 2 3 4 |  4.0
Stealth        | 2 3 4 6 7 |  7.1
Armour         | 1 2 3 |  3.4
Short Blades   | 1 2 3 5 |  5.0
Evocations     | 3 4 |  4.9
Dodging        | 3 4 5 |  5.2
Unarmed Combat | |  0.5
Spellcasting   | |  0.2

Action                   |  1- 3 |  4- 6 |  7- 9 || total
-------------------------+-------+-------+-------++-------
Melee: Short sword       |    97 |   194 |   115 ||   406
       Unarmed           |    10 |       |       ||    10
       Bite              |    13 |    26 |    25 ||    64
       Club              |     3 |       |       ||     3
       Punch             |     3 |     2 |     1 ||     6
       Dagger            |       |       |    90 ||    90
Invok: Sacrifice Arcana  |     1 |       |       ||     1
       Sacrifice Love    |       |     1 |       ||     1
       Draw Out Power    |       |       |     1 ||     1
 Abil: Exsanguinate      |       |     1 |       ||     1
       Revivify          |       |     1 |       ||     1
Evoke: Wand              |     1 |    11 |     4 ||    16
  Use: Scroll            |       |     4 |     3 ||     7
 Stab: Sleeping          |       |     4 |     2 ||     6
       Invisible         |       |       |     2 ||     2
       Distracted        |       |       |     1 ||     1
Armor: Leather armour    |     9 |    47 |       ||    56
       Fire dragon scale |    22 |       |       ||    22
       Scale mail        |       |     4 |    57 ||    61
Dodge: Dodged            |    63 |   107 |   126 ||   296
